Map: [ESL] Oceanborn

Players

trigger

  • Race: Protoss Protoss
  • Spawn Location: 11:00

Astrea - Winner!

  • Race: Protoss Protoss
  • Spawn Location: 5:00

Event: ESL SC2 Masters 2023 Winter (Regional)

VOD

Have the link to the VOD?

Description

Time

  • Played on: Nov. 18, 2023, 1:44 p.m.
  • Length: 26:11

All games in this series

Show
View Real Time Build Order
Export as new Build Order

trigger Protoss 

Build Orders: Phoenix Opening, Blink Stalkers, Zealot Archon 

Get SALT Encoding   

  12  0:00  Probe  
  13  0:12  Probe  
  14  0:17  Pylon  
  14  0:24  Probe (Chrono Boost)  
  15  0:36  Gateway, Probe (Chrono Boost)  
  16  0:44  Probe (Chrono Boost)  
  16  0:46  Assimilator  
  17  0:51  Probe  
  18  1:03  Probe (Chrono Boost)  
  19  1:04  Assimilator  
  20  1:11  Gateway  
  20  1:12  Probe (Chrono Boost)  
  20  1:17  Probe (Chrono Boost)  
  20  1:23  Cybernetics Core  
  21  1:29  Probe  
  22  1:34  Pylon  
  22  1:41  Probe  
  23  1:53  Probe  
  24  1:59  Stalker  
  24  2:00  Warp Gate (Chrono Boost), Stalker  
  28  2:12  Probe, Pylon  
  29  2:29  Sentry  
  31  2:38  Nexus  
  31  2:40  Sentry  
  31  2:43  Probe  
  34  2:54  Twilight Council  
  34  2:58  Probe  
  35  3:02  Shield Battery  
  34  3:10  Probe  
  35  3:14  Pylon  
  35  3:22  Probe  
  36  3:31  Blink  
  36  3:34  Probe (Chrono Boost)  
  36  3:38  Phoenix  
  37  3:46  Probe (Chrono Boost)  
  38  3:50  Stalker x2  
  38  3:53  Probe (Chrono Boost)  
  44  3:55  Probe (Chrono Boost)  
  44  4:00  Probe (Chrono Boost)  
  46  4:03  Probe (Chrono Boost)  
  46  4:05  Probe (Chrono Boost)  
  47  4:10  Robotics Facility  
  49  4:17  Probe x2 (Chrono Boost)  
  49  4:21  Stalker x2  
  53  4:25  Probe (Chrono Boost)  
  53  4:27  Probe (Chrono Boost)  
  55  4:34  Assimilator  
  55  4:35  Pylon  
  55  4:37  Probe  
  57  4:43  Gateway  
  57  4:44  Gateway  
  56  4:47  Probe  
  56  4:50  Stalker x2  
  61  4:55  Warp Prism (Chrono Boost)  
  63  5:01  Probe  
  63  5:03  Probe  
  65  5:07  Pylon  
  65  5:13  Stalker  
  67  5:14  Stalker  
  69  5:30  Observer  
  71  5:41  Stalker x3  
  76  5:42  Stalker  
  76  5:45  Nexus  
  76  5:48  Pylon  
  78  5:51  Pylon  
  78  6:05  Phoenix  
  78  6:06  Probe x2  
  80  6:18  Templar Archives, Probe x2  
  82  6:28  Assimilator  
  82  6:29  Shield Battery  
  82  6:31  Pylon, Probe x2  
  84  6:33  Charge  
  84  6:35  Gateway  
  84  6:37  Gateway  
  84  6:41  Pylon  
  84  6:43  Probe x2 (Chrono Boost)  
  86  6:47  Phoenix  
  86  6:51  Forge  
  88  6:55  Probe x2 (Chrono Boost)  
  88  6:57  High Templar x2  
  93  7:01  Archon  
  93  7:02  Probe (Chrono Boost)  
  93  7:04  Probe x2 (Chrono Boost)  
  93  7:06  Assimilator  
  96  7:10  Probe (Chrono Boost)  
  96  7:11  Pylon, Assimilator, Probe (Chrono Boost)  
  96  7:13  Probe (Chrono Boost)  
  96  7:14  Pylon  
  96  7:15  Probe (Chrono Boost)  
  98  7:16  Probe (Chrono Boost)  
  98  7:21  Probe  
  101  7:25  High Templar, Shield Battery, Probe  
  101  7:27  Shield Battery, Pylon  
  101  7:28  Probe  
  101  7:29  High Templar, Shield Battery  
  107  7:33  Protoss Ground Weapons Level 1 (Chrono Boost), Probe  
  107  7:34  Archon  
  108  7:37  Probe  
  108  7:43  Probe  
  110  7:48  Robotics Bay  
  110  7:50  Gateway  
  110  7:52  Gateway  
  109  8:00  Probe  
  109  8:04  Observer (Chrono Boost)  
  112  8:08  Robotics Facility  
  112  8:10  Photon Cannon  
  112  8:11  Zealot x3  
  112  8:12  Zealot, Pylon  
  119  8:22  Gateway  
  119  8:23  Gateway  
  119  8:28  Zealot x2  
  127  8:34  Colossus (Chrono Boost)  
  127  8:39  Extended Thermal Lance  
  127  8:41  Zealot x3, Phoenix  
  135  8:53  Pylon  
  135  8:59  Nexus  
  135  9:02  Pylon  
  141  9:04  High Templar x4  
  141  9:07  Colossus (Chrono Boost)  
  141  9:08  Archon x2  
  149  9:13  Shield Battery  
  149  9:15  Photon Cannon, Shield Battery  
  149  9:18  Colossus (Chrono Boost)  
  155  9:32  Phoenix  
  155  9:37  Photon Cannon  
  155  9:40  Zealot x7  
  155  9:42  Protoss Ground Weapons Level 2 (Chrono Boost), High Templar x2  
  173  9:46  Archon  
  172  10:06  Pylon  
  172  10:08  Pylon  
  172  10:09  Pylon  
  172  10:12  Assimilator, Stalker x2  
  172  10:13  Stalker  
  184  10:16  Assimilator  
  184  10:19  Stalker x2  
  188  10:25  Pylon  
  188  10:27  Observer (Chrono Boost)  
  189  10:34  Stalker x2  
  189  10:35  Stalker  
  191  10:40  Stalker x4  
  191  10:43  Stalker x2  
  193  10:50  Stalker  
  193  10:51  Immortal  
  179  11:11  Zealot x9  
  179  11:16  Stalker  
  192  11:22  Observer x2  
  186  11:32  Stalker x3  
  176  11:34  Zealot x3  
  176  11:38  Zealot x2  
  166  11:42  Zealot x2  
  166  11:50  Immortal  
  164  11:57  Zealot x3  
  164  12:00  Zealot  
  162  12:06  Stalker  
  162  12:08  Zealot x2  
  124  12:15  High Templar x3  
  130  12:18  High Templar  
  130  12:19  Archon  
  130  12:22  Archon  
  126  12:23  Stalker x3  
  124  12:31  Observer x2  
  124  12:34  Zealot  
  124  12:35  Zealot x2  
  92  12:40  Zealot x3  
  86  12:48  Disruptor (Chrono Boost), Probe (Chrono Boost)  
  86  12:50  Stalker x2  
  102  12:53  Disruptor (Chrono Boost), Probe (Chrono Boost)  
  102  12:54  Probe x2 (Chrono Boost)  
  102  12:57  Stalker, Probe (Chrono Boost)  
  102  12:58  Stalker  
  107  13:01  Probe (Chrono Boost)  
  107  13:02  Probe (Chrono Boost)  
  107  13:03  Probe (Chrono Boost)  
  111  13:07  Probe (Chrono Boost)  
  111  13:11  Probe (Chrono Boost)  
  111  13:12  Probe (Chrono Boost)  
  114  13:13  Probe (Chrono Boost)  
  114  13:17  Probe (Chrono Boost)  
  114  13:18  Probe x2 (Chrono Boost)  
  116  13:21  Stalker x2  
  125  13:27  Disruptor (Chrono Boost), Zealot x3  
  125  13:30  Disruptor (Chrono Boost)  
  131  13:37  Protoss Ground Armor Level 1 (Chrono Boost)  
  131  13:38  Probe x3  
  131  13:39  Photon Cannon  
  134  13:46  Probe  
  135  13:50  Probe  
  135  13:55  Disruptor (Chrono Boost)  
  140  13:57  Stalker x3  
  140  13:59  Disruptor (Chrono Boost), Probe  
  140  14:00  Probe  
  140  14:02  Stalker  
  154  14:08  Stalker x3  
  160  14:13  Stalker  
  160  14:16  Disruptor  
  166  14:25  Observer  
  166  14:30  Observer  
  162  14:32  Gravitic Boosters  
  162  14:43  Stalker x9  
  173  15:07  Stalker x8  
  173  15:13  Stalker  
  191  15:18  Observer  
  192  15:39  Nexus  
  192  15:41  Observer  
  192  15:42  Zealot x4  
  194  16:01  Zealot x3  
  194  16:02  Protoss Ground Weapons Level 3 (Chrono Boost)  
  196  16:24  Disruptor  
  192  16:27  Disruptor (Chrono Boost)  
  192  16:29  Pylon  
  192  16:31  Pylon  
  196  16:33  Pylon  
  196  16:46  Assimilator  
  194  16:50  Dark Shrine  
  194  16:51  Assimilator  
  194  16:52  Shield Battery  
  194  16:54  Photon Cannon  
  194  16:55  Photon Cannon  
  194  16:56  Disruptor (Chrono Boost)  
  194  17:00  Disruptor (Chrono Boost)  
  196  17:06  Photon Cannon  
  196  17:07  Photon Cannon x2  
  200  17:10  Photon Cannon x2  
  200  17:11  Photon Cannon  
  200  17:12  Photon Cannon  
  192  17:28  Observer (Chrono Boost)  
  197  17:32  Disruptor (Chrono Boost)  
  175  17:56  Zealot x8  
  175  17:57  Zealot x2  
  188  18:07  Disruptor x2  
  196  18:16  Shadow Stride  
  196  18:20  Dark Templar x2  
  196  18:27  Nexus  
  198  18:32  Protoss Ground Armor Level 2 (Chrono Boost)  
  173  18:39  Zealot x7  
  177  18:43  Observer x3  
  177  18:46  Photon Cannon x2  
  177  18:47  Photon Cannon  
  177  18:52  Archon  
  177  18:53  Nexus  
  167  19:04  Disruptor x2  
  167  19:07  Pylon  
  167  19:08  Dark Templar x10  
  171  19:41  Stalker x10  
  147  20:19  Stalker  
  147  20:20  Stalker x7  
  163  20:24  Stalker  
  165  20:29  Stalker  
  163  20:54  Nexus  
  161  21:00  Observer  
  161  21:02  Stalker x3  
  167  21:08  Stalker  
  167  21:09  Stalker  
  171  21:21  Stalker, Pylon  
  173  21:29  Observer x2  
  173  21:33  Stalker x2  
  175  21:53  Stalker x4  
  183  21:57  Probe  
  172  22:08  Probe  
  173  22:28  Stalker x4  
  181  22:44  Stalker x3  
  177  23:25  Disruptor  
  139  23:35  Disruptor  
  139  23:41  Nexus  
  115  24:29  Stalker x2  
  118  24:51  Observer  
Show
View Real Time Build Order
Export as new Build Order

Astrea Protoss - Winner!

Build Orders: Phoenix Opening, Carriers 

Get SALT Encoding   

  12  0:00  Probe  
  13  0:12  Probe  
  14  0:16  Pylon  
  14  0:24  Probe (Chrono Boost)  
  16  0:36  Gateway, Probe (Chrono Boost)  
  16  0:42  Probe (Chrono Boost)  
  16  0:44  Assimilator  
  17  0:51  Probe  
  17  0:52  Assimilator  
  18  1:03  Probe (Chrono Boost)  
  19  1:05  Gateway  
  19  1:12  Probe (Chrono Boost)  
  19  1:17  Probe (Chrono Boost)  
  20  1:22  Cybernetics Core  
  21  1:29  Probe  
  22  1:33  Pylon  
  22  1:41  Probe  
  23  1:53  Probe  
  24  1:59  Warp Gate, Adept x2  
  28  2:05  Probe  
  29  2:11  Pylon  
  30  2:28  Sentry  
  30  2:29  Sentry  
  33  2:41  Nexus  
  33  2:47  Robotics Facility  
  33  2:49  Probe  
  35  3:00  Phoenix  
  35  3:04  Probe  
  36  3:16  Probe  
  35  3:25  Pylon  
  35  3:28  Probe  
  35  3:30  Nexus  
  36  3:35  Observer (Chrono Boost), Phoenix  
  36  3:40  Probe  
  38  3:52  Probe  
  38  3:53  Probe  
  38  3:55  Immortal (Chrono Boost)  
  44  4:04  Probe  
  44  4:05  Probe  
  44  4:09  Sentry  
  48  4:17  Probe x2  
  49  4:23  Observer  
  50  4:24  Immortal (Chrono Boost)  
  50  4:29  Probe x2  
  56  4:33  Pylon  
  56  4:41  Probe  
  56  4:42  Probe  
  58  4:48  Probe  
  58  4:52  Shield Battery  
  59  4:53  Immortal (Chrono Boost), Probe  
  59  4:54  Probe  
  59  4:59  Shield Battery  
  65  5:04  Probe  
  65  5:05  Probe  
  65  5:06  Probe  
  68  5:16  Probe  
  68  5:17  Probe  
  68  5:18  Probe  
  68  5:20  Warp Prism (Chrono Boost), Pylon  
  73  5:24  Gateway  
  73  5:28  Probe  
  73  5:29  Stalker x2  
  73  5:30  Observer  
  78  5:39  Shield Battery, Pylon x2  
  78  5:46  Probe x3  
  78  5:48  Immortal (Chrono Boost)  
  85  5:54  Stalker x2  
  89  6:08  Probe  
  89  6:09  Probe x2  
  89  6:10  Twilight Council  
  92  6:12  Assimilator  
  92  6:14  Forge  
  91  6:18  Stalker x3  
  91  6:21  Probe  
  91  6:22  Probe  
  91  6:25  Probe (Chrono Boost)  
  100  6:31  Pylon  
  100  6:33  Probe (Chrono Boost)  
  100  6:34  Probe (Chrono Boost)  
  100  6:37  Probe (Chrono Boost)  
  100  6:39  Assimilator  
  103  6:42  Blink (Chrono Boost), Pylon  
  103  6:43  Assimilator, Protoss Ground Weapons Level 1 (Chrono Boost), Probe x2 (Chrono Boost)  
  103  6:44  Probe (Chrono Boost)  
  106  6:47  Probe (Chrono Boost)  
  106  6:48  Probe (Chrono Boost)  
  106  6:51  Probe  
  109  6:59  Probe  
  110  7:05  Pylon  
  110  7:06  Gateway  
  110  7:08  Gateway  
  110  7:11  Gateway  
  110  7:17  Stalker x3  
  110  7:21  Nexus  
  116  7:24  Observer  
  116  7:26  Observer  
  117  7:33  Pylon  
  117  7:38  Pylon  
  117  7:40  Stalker  
  117  7:41  Stalker x2  
  123  7:58  Nexus  
  123  8:03  Stalker x2  
  123  8:04  Stalker x3  
  133  8:12  Stalker  
  135  8:13  Probe  
  135  8:14  Probe x2  
  135  8:15  Photon Cannon  
  135  8:17  Shield Battery, Pylon  
  135  8:18  Pylon  
  138  8:22  Charge  
  138  8:24  Observer  
  138  8:26  Protoss Ground Weapons Level 2 (Chrono Boost), Probe  
  137  8:28  Stalker x5  
  137  8:34  Probe x2  
  149  8:38  Probe  
  150  8:42  Robotics Bay  
  150  8:43  Robotics Facility  
  150  8:46  Probe  
  150  8:48  Stalker  
  153  8:49  Observer  
  153  8:50  Observer  
  153  8:53  Probe  
  153  8:57  Probe  
  154  9:06  Robotics Facility, Assimilator  
  154  9:07  Photon Cannon, Assimilator  
  154  9:13  Observer  
  154  9:16  Photon Cannon  
  154  9:17  Photon Cannon  
  154  9:25  Stalker x6  
  166  9:36  Disruptor  
  170  9:40  Photon Cannon  
  170  9:44  Pylon  
  170  9:45  Pylon  
  170  9:50  Pylon  
  170  9:53  Gateway  
  170  9:55  Gateway  
  170  9:57  Pylon  
  170  9:59  Zealot x5  
  180  10:04  Observer  
  180  10:07  Gravitic Boosters  
  180  10:08  Dark Shrine, Disruptor x2  
  188  10:14  Zealot  
  190  10:23  Nexus  
  190  10:24  Photon Cannon  
  190  10:26  Shield Battery  
  190  10:38  Disruptor  
  193  10:43  Disruptor (Chrono Boost)  
  176  11:05  Zealot x8  
  176  11:06  Disruptor (Chrono Boost)  
  190  11:16  Disruptor (Chrono Boost)  
  197  11:18  Photon Cannon  
  197  11:21  Disruptor (Chrono Boost)  
  197  11:22  Pylon  
  191  11:30  Stalker x6  
  191  11:31  Stalker x2  
  177  11:42  Disruptor  
  168  11:55  Stalker x8  
  180  12:03  Protoss Ground Weapons Level 3  
  164  12:11  Disruptor  
  166  12:16  Gateway  
  166  12:19  Gateway x2  
  166  12:21  Stalker x7  
  166  12:22  Gateway  
  172  12:23  Stalker  
  132  12:44  Stalker  
  114  12:45  Stalker x6  
  114  12:50  Probe x3  
  114  12:51  Probe  
  126  12:52  Probe  
  126  12:55  Observer (Chrono Boost), Stalker  
  130  13:02  Observer, Probe  
  130  13:03  Probe x3  
  130  13:04  Probe  
  135  13:09  Zealot  
  135  13:10  Zealot x2  
  135  13:12  Stalker x5  
  150  13:19  Stalker x3  
  156  13:21  Stalker  
  156  13:39  Stalker x7  
  166  13:41  Stalker  
  168  13:52  Disruptor  
  168  13:54  Observer  
  173  14:00  Observer  
  173  14:07  Nexus, Shadow Stride (Chrono Boost), Zealot x3  
  173  14:08  Zealot x6  
  191  14:14  Observer, Disruptor  
  193  14:24  Stalker x3  
  199  14:33  Observer  
  199  14:39  Gateway  
  199  14:42  Gateway  
  199  14:45  Pylon  
  199  14:46  Pylon  
  199  15:06  Stalker x8  
  199  15:08  Observer  
  199  15:13  Protoss Shields Level 1  
  195  15:15  Stargate  
  195  15:19  Photon Cannon  
  195  15:20  Photon Cannon  
  195  15:22  Dark Templar x2  
  195  15:23  Photon Cannon  
  195  15:27  Observer x2, Shield Battery  
  199  15:30  Robotics Facility  
  187  15:45  Assimilator  
  187  15:47  Observer, Disruptor  
  187  15:48  Observer, Assimilator  
  186  15:52  Zealot  
  186  15:53  Zealot x7  
  200  16:01  Zealot  
  199  16:13  Fleet Beacon  
  194  16:26  Nexus, Zealot x5  
  198  16:34  Stargate  
  198  16:36  Stargate  
  198  16:45  Pylon  
  198  16:50  Assimilator x2, Pylon  
  198  16:53  Assimilator  
  198  16:55  Observer  
  198  16:57  Assimilator  
  198  17:08  Observer  
  198  17:15  Shield Battery  
  198  17:20  Pylon  
  200  17:31  Mothership (Chrono Boost), Observer  
  200  17:33  Photon Cannon  
  200  17:35  Photon Cannon  
  200  17:36  Protoss Shields Level 2 (Chrono Boost)  
  200  17:37  Photon Cannon  
  200  17:38  Observer  
  200  17:39  Photon Cannon  
  200  17:40  Shield Battery  
  200  17:42  Shield Battery  
  200  17:44  Carrier (Chrono Boost), Photon Cannon  
  200  17:45  Pylon  
  200  17:48  Protoss Air Weapons Level 1 (Chrono Boost)  
  200  17:49  Observer  
  175  17:54  Carrier x2 (Chrono Boost)  
  175  17:58  Shield Battery  
  184  17:59  Observer x2, Shield Battery  
  186  18:07  Zealot x7  
  200  18:21  Pylon  
  182  18:35  Disruptor x2  
  165  18:45  Carrier (Chrono Boost), Zealot x14  
  199  18:49  Probe  
  199  18:53  Shield Battery  
  199  18:55  Pylon  
  186  19:06  Observer  
  186  19:08  Stalker x5  
  186  19:09  Stalker x2  
  199  19:12  Carrier x2 (Chrono Boost)  
  199  19:15  Disruptor x2  
  186  19:28  Zealot x7  
  194  19:39  Carrier (Chrono Boost)  
  195  19:50  Disruptor  
  195  19:52  Zealot x3  
  198  19:53  Protoss Air Weapons Level 2 (Chrono Boost)  
  182  20:08  Carrier (Chrono Boost)  
  175  20:21  Carrier (Chrono Boost)  
  175  20:24  Observer  
  174  20:33  Nexus  
  160  20:42  Nexus  
  158  20:59  Photon Cannon  
  158  21:00  Photon Cannon  
  158  21:06  Observer  
  158  21:09  Photon Cannon  
  158  21:31  Dark Templar  
  158  21:32  Dark Templar x3  
  165  21:53  Nexus  
  163  22:07  Carrier  
  169  22:12  Observer  
  159  22:45  Dark Templar x5  
  159  22:50  Zealot x9  
  170  23:11  Observer  
  152  23:27  Observer  
  112  25:03  Nexus  
  108  25:28  Observer  
  104  25:36  Observer  
Tags
 
Add a new tag
Caveats
  • Supply blocks, unpowered buildings, or Contaminate may cause inaccurate times.
  • Supply counts are checked every 10 seconds.